[Event "*** MasterClass Titled Tuesday Blitz"]
[Site "Chess.com"]
[Date "2017.11.07"]
[Round "2"]
[White "amurdercastle"]
[Black "nubair1198"]
[Result "1/2-1/2"]
[WhiteElo "2311"]
[BlackElo "2532"]
[TimeControl "180+2"]
[EndTime "14:30:23 PST"]
[Termination "Game drawn by repetition"]

1. d4 d5 2. c4 c6 3. cxd5 cxd5 4. Bf4 Nc6 5. e3 Nf6 6. Nc3 Bf5 7. Qb3 Na5 8. Qa4+ Bd7 9. Qc2 Rc8 10. Bd3 e6 11. Nf3 Be7 12. h3 O-O 13. O-O b5 14. a3 Nc4 15. Qe2 Qb6 16. Ne5 Rfd8 17. Rfc1 Be8 18. g4 a5 19. Kg2 b4 20. axb4 axb4 21. Na4 Bxa4 22. Rxa4 Nxe5 23. Rxc8 Rxc8 24. Bxe5 Nd7 25. Bf4 Bd6 26. Bxd6 Qxd6 27. Qd2 Rb8 28. Qc2 h6 29. Ra6 Qf8 30. Ra7 Qd8 31. Qc6 Nf6 32. Qc5 g5 33. Ra5 Qb6 34. Rb5 Qxc5 35. Rxb8+ Qf8 36. Rxf8+ Kxf8 37. Kf1 h5 38. f3 Ke7 39. Ke2 hxg4 40. hxg4 Kd6 41. Kd2 Kc6 42. Kc2 Kb6 43. Kb3 Ka5 44. Bc2 Kb5 45. Bd3+ Ka5 46. Bc2 Nd7 47. Bh7 Nf6 48.
Bd3 Ne8 49. Bh7 Kb5 50. Bd3+ Ka5 51. Bh7 Nd6 52. Bd3 f6 53. f4 Nf7 54. Bg6 Nh6 55.
Bh5 Kb5 56. Be8+ Ka5 57. Bh5 Kb5 58. Be8+ Kb6 59. Bh5 Ka5 60. Kc2 Ka4 61. Be8+ Ka5 62. Bh5 Kb5 63. Kb3 Ka5 64. Kc2 1/2-1/2

[Event "*** MasterClass Titled Tuesday Blitz"]
[Site "Chess.com"]
[Date "2017.11.07"]
[Round "2"]
[White "Hikaru"]
[Black "Khamrakulov_Djurabek"]
[Result "0-1"]
[WhiteElo "2987"]
[BlackElo "2615"]
[TimeControl "180+2"]
[EndTime "14:30:24 PST"]
[Termination "Khamrakulov_Djurabek won by resignation"]

1. b3 Nc6 2. Bb2 e5 3. e3 a6 4. Nf3 d6 5. d4 exd4 6. Nxd4 Nxd4 7. Qxd4 Nf6 8. Be2 Be7 9. Bf3 O-O 10. c4 c6 11. Nc3 Be6 12. O-O Qc7 13. Rac1 Qa5 14. Rfd1 Rfd8 15. a3 Qe5 16. Qb6 Bg4 17. Na4 Qf5 18.
Bxg4 Nxg4 19. f3 Ne5 20. Qxb7 Nxf3+ 21. gxf3 Qxf3 22. Qxe7 Qg4+ 23. Kh1 Qf3+ 24. Kg1 Qg4+ 25. Kf2 Rd7 26. Qxd7 Qxd7 27. Rg1 Qf5+ 28. Ke2 g6 29. c5 Qh5+ 30. Kd3 Rd8 31. Bd4 Qxh2 32. cxd6 Rxd6 33. Nc5 f5 34. Rgf1 a5 35. Kc3 Qa2 36. Ra1 Qe2 37. Rfe1 Qb5 38. b4 Rd5 39. Nb3 a4 40.
Nc5 Kf7 41. e4 fxe4 42. Nxe4 c5 43. Rf1+ Ke7 44. Nxc5 Rf5 45. Rfe1+ Kf7 46. Re3 Rf1 47.
Rxf1+ Qxf1 48. Nxa4 Qc1+ 49. Kd3 Qd1+ 50. Kc4 Qxa4 51. Rf3+ Kg8 52. Bc5 h5 53. Rf8+ Kg7 54. Rf7+ Kxf7 0-1

[Event "*** MasterClass Titled Tuesday Blitz"]
[Site "Chess.com"]
[Date "2017.11.07"]
[Round "2"]
[White "MartinZumsande"]
[Black "Noukii"]
[Result "1-0"]
[WhiteElo "2447"]
[BlackElo "2609"]
[TimeControl "180+2"]
[EndTime "14:30:24 PST"]
[Termination "MartinZumsande won by resignation"]

1. e4 e5 2. Nf3 Nc6 3. Bc4 Nf6 4. d3 Bc5 5. O-O O-O 6. c3 a6 7. a4 d6 8. Re1 h6 9. Nbd2 Be6 10. b4 Bb6 11.
Bb3 Re8 12. Nc4 Ba7 13. Be3 Bxe3 14. Nxe3 a5 15. b5 Nb8 16. Bxe6 Rxe6 17. c4 Nbd7 18. Nd2 g6 19. Nb3 b6 20. f3 Nc5 21. Nxc5 dxc5 22.
Nd5 Nxd5 23. exd5 Re8 24. Qd2 Qg5 25. Qxg5 hxg5 26. Re2 f6 27. Rae1 Kf7 28. g3 Re7 29. f4 gxf4 30. gxf4 Rae8 31. fxe5 Rxe5 32. Rxe5 fxe5 33.
Kf2 Kf6 34. Kg3 Rh8 35. Rf1+ Kg7 36. h4 Rh5 37. Kg4 Rh8 38. Rf2 Rh5 39. Rf1 Rh8 40.
Rf2 Rf8 41. Rxf8 Kxf8 42. h5 Kg7 43. Kg5 gxh5 44. Kxh5 Kf6 45. Kg4 e4 46. dxe4 Ke5 47. Kf3 Kd4 48. Kf4 Kxc4 49. e5 Kxd5 50. Kf5 c4 51. e6 c3 52. e7 c2 53. e8=Q c1=Q 54. Qd7+ 1-0

[Event "*** MasterClass Titled Tuesday Blitz"]
[Site "Chess.com"]
[Date "2017.11.07"]
[Round "2"]
[White "BergenChessAcademy"]
[Black "Koksik_13"]
[Result "0-1"]
[WhiteElo "1618"]
[BlackElo "1937"]
[TimeControl "180+2"]
[EndTime "14:30:26 PST"]
[Termination "Koksik_13 won by resignation"]

1. d4 e6 2. c4 d5 3. Nc3 Nf6 4. Bg5 Be7 5. cxd5 exd5 6. e3 c6 7. Bd3 Nbd7 8. Nge2 h6 9. Bh4 Nh5 10. Bxe7 Qxe7 11. Qd2 O-O 12. O-O-O Nhf6 13. f3 c5 14. e4 cxd4 15. Nxd4 Nc5 16. Nxd5 Nxd5 17. exd5 Qe5 18. Kb1 Nxd3 19. Qxd3 Qxd5 20. Ka1 Bd7 21. Rhe1 Rad8 22. Nb3 Qxd3 23. Rxd3 Bf5 24. Rde3 b6 25. Re7 a5 26. Nc1 Rd2 27. R7e2 Rfd8 28. b3 b5 29. Rxd2 Rxd2 30. Re2 Rd1 31. Kb2 b4 32. Rf2 h5 33. g3 g5 34. h3 Bxh3 35. Kc2 Rg1 36. Ne2 Bf5+ 37. Kd2 Ra1 38. Nc1 h4 39. g4 Bg6 40. f4 f6 41.
f5 Bf7 42. Kc2 Bd5 43. Kb2 Rxc1 44. Kxc1 h3 45. Rh2 Bg2 46. Kd2 Kf7 47. Kd3 Ke7 48. Kc4 Kd6 49. Kb5 Ke5 50. Kxa5 Kf4 51. Kxb4 Kg3 52.
Rxh3+ Kxh3 53. a4 Kxg4 54. a5 Kxf5 55. Kc5 g4 56. Kd4 g3 57. b4 Ba8 58. Ke3 Bc6 59.
b5 Bxb5 60. Kf3 Kg5 61. Kxg3 f5 62. Kf2 f4 63. Kf3 Bc6+ 64. Kf2 Bb7 65. a6 Bxa6 66. Kg2 Bb7+ 67. Kf2 Kg4 68. Kg1 Kg3 69. Kf1 f3 70.
Kg1 f2+ 0-1

[Event "*** MasterClass Titled Tuesday Blitz"]
[Site "Chess.com"]
[Date "2017.11.07"]
[Round "2"]
[White "P0ubelle"]
[Black "PenguinPacks"]
[Result "0-1"]
[WhiteElo "2211"]
[BlackElo "2171"]
[TimeControl "180+2"]
[EndTime "14:30:29 PST"]
[Termination "PenguinPacks won by resignation"]

1. e4 e5 2. Nf3 Nc6 3. d4 exd4 4. Nxd4 Nf6 5. Nxc6 bxc6 6. e5 Qe7 7. Qe2 Nd5 8. c4 Nb6 9. Nc3 a5 10. f4 Ba6 11.
Qe4 g6 12. Be3 Bg7 13. Bxb6 cxb6 14. O-O-O O-O 15. Qd4 Rfd8 16. Ne4 d5 17. Nf6+ Kh8 18. cxd5 cxd5 19. Bxa6 Rxa6 20. Nxd5 Qe6 21. Qe4 Rc8+ 22. Kb1 b5 23. Rc1 Rac6 24. Rxc6 Qxc6 25. Nc3 Qb6 26. Rd1 b4 27. Nd5 Qc5 28. Ne3 f6 29. e6 f5 30.
Qd3 a4 31. g3 a3 32. b3 Bb2 33. Nc4 Bf6 34. Qd7 Rd8 35. Qxd8+ Bxd8 36. Rxd8+ Kg7 37. Rd7+ Kf6 38. e7 Qg1+ 39. Kc2 Qxh2+ 40. Nd2 Qe2 41. Rb7 Qe6 42. Rxb4 Qxe7 43. Rc4 h5 44. Rc3 g5 45.
fxg5+ Kxg5 46. Nf3+ Kg4 47. Nd4 Qe4+ 48. Rd3 f4 49.
Ne2 Qxe2+ 50. Kc3 Qxd3+ 51. Kxd3 fxg3 52. b4 g2 53. b5 g1=Q 54. Kc4 Qb6 0-1

[Event "*** MasterClass Titled Tuesday Blitz"]
[Site "Chess.com"]
[Date "2017.11.07"]
[Round "2"]
[White "chipmunknau"]
[Black "Robin-Side"]
[Result "1-0"]
[WhiteElo "2495"]
[BlackElo "2604"]
[TimeControl "180+2"]
[EndTime "14:30:32 PST"]
[Termination "chipmunknau won on time"]

1. Nf3 g6 2. g3 Bg7 3. Bg2 e5 4. O-O Ne7 5. d3 d5 6. c4 c6 7. cxd5 cxd5 8. Nc3 d4 9. Ne4 O-O 10. Qb3 h6 11. Bd2 Nbc6 12. Rfc1 b6 13. Qa3 Be6 14. Nd6 Qd7 15. Rc2 Bd5 16. Rac1 Rfd8 17.
Nc4 Rac8 18. b4 b5 19. Na5 Nxa5 20. Qxa5 Rxc2 21. Rxc2 Rc8 22. Rc5 Rxc5 23. bxc5 f6 24. Ne1 Bxg2 25. Nxg2 Bf8 26. Qa6 Nd5 27. c6 Qc7 28.
Ba5 Nb6 29. Qxb5 Kg7 30. Nh4 Bd6 31. Nf3 Qb8 32. Nd2 Bc7 33. Ne4 Qd8 34. Qb3 f5 35. Nc5 Qd6 36. Ne6+ Kf6 37. Nxc7 Qxc7 38. Qb5 Ke6 39. Bb4 Nd5 40. Bc5 Ne7 41. Qc4+ Nd5 42. Bf8 1-0

[Event "*** MasterClass Titled Tuesday Blitz"]
[Site "Chess.com"]
[Date "2017.11.07"]
[Round "2"]
[White "chessdude"]
[Black "timator"]
[Result "1-0"]
[WhiteElo "2483"]
[BlackElo "2417"]
[TimeControl "180+2"]
[EndTime "14:30:37 PST"]
[Termination "chessdude won by resignation"]

1. e4 c5 2. Nf3 Nc6 3. Bb5 e6 4. O-O Nge7 5. d4 cxd4 6. Nxd4 Nxd4 7. Qxd4 a6 8. Be2 Nc6 9. Qe3 Be7 10. c4 O-O 11.
Nc3 Qc7 12. Rd1 b6 13. Qg3 Qxg3 14. hxg3 f6 15. Be3 Rb8 16. Na4 Bd8 17. Rac1 Bc7 18. b3 Kf7 19. c5 b5 20. Nb6 Ke7 21. a4 b4 22. Nc4 a5 23. Nd6 Bxd6 24. cxd6+ Kf7 25.
Bb5 Bb7 26. f3 h5 27. Bb6 Ra8 28. Kf2 Rfc8 29. Rc5 g6 30. Rdc1 Ke8 31. Bxc6 Rxc6 32. Rxc6 dxc6 33. Rc5 Kd7 34. Bc7 e5 35. Ke3 Ke6 36.
f4 Ra6 37. fxe5 Bc8 38. exf6 Kxf6 39. Kf4 Be6 40. Rxa5 Rxa5 41. Bxa5 g5+ 42. Ke3 Bd7 43. Bxb4 Ke6 44. Bc5 Bc8 45. Kd4 Ba6 46. Bb4 Bf1 47.
Kc5 Kd7 48. Bd2 Bxg2 49. a5 Bf1 50. Bxg5 1-0

[Event "*** MasterClass Titled Tuesday Blitz"]
[Site "Chess.com"]
[Date "2017.11.07"]
[Round "2"]
[White "LawrenceTrent"]
[Black "gammagramma"]
[Result "0-1"]
[WhiteElo "2350"]
[BlackElo "2433"]
[TimeControl "180+2"]
[EndTime "14:30:45 PST"]
[Termination "gammagramma won by resignation"]

1. e4 Nc6 2. Nf3 d6 3. c3 Nf6 4.
d4 Bg4 5. h3 Bh5 6. Bb5 a6 7.
Bxc6+ bxc6 8. Nbd2 e6 9. Qa4 Qd7 10. e5 Nd5 11. O-O Be7 12. Re1 O-O 13. Qa5 Nf4 14. Re4 Bxf3 15. Rxf4 Be2 16. Ne4 dxe5 17. dxe5 Qd1+ 18. Kh2 Qd5 19. Qxc7 Rfe8 20. c4 Bxc4 21. Nc3 Qd3 22. Be3 Rac8 23. Qa5 Bd5 24. Rd1 Qc2 25. Rd2 Qg6 26. Rg4 Qf5 27. Qxa6 h5 28. Rf4 Qxe5 29.
g3 Ra8 30. Qe2 Bg5 31. Ra4 Bxe3 32. Qxe3 Qxe3 33. fxe3 Rxa4 34. Nxa4 Bxa2 35. Rd7 Rb8 36. g4 hxg4 37. hxg4 Rb4 38. Rd4 Rxd4 39. exd4 Kf8 40.
Kg3 g5 41. Nc5 Bd5 42. Nd7+ Ke7 43. Ne5 f6 44. Nd3 Kd6 45. Nc5 Bc4 46. Ne4+ Ke7 47.
Kf2 Bd5 48. Ng3 Bb3 49. Ke3 Bd1 50. Ne4 Bxg4 51. b4 Bh3 52. Kf2 Bf5 53. Nc5 Bc2 54.
Ke3 f5 55. Kd2 Bb1 56. Kc1 Ba2 57. Nd3 Bd5 58. Kd2 f4 59. Ne5 Kf6 60. Kd3 Kf5 0-1

[Event "*** MasterClass Titled Tuesday Blitz"]
[Site "Chess.com"]
[Date "2017.11.07"]
[Round "2"]
[White "blitzcopter"]
[Black "zane33"]
[Result "0-1"]
[WhiteElo "1981"]
[BlackElo "1911"]
[TimeControl "180+2"]
[EndTime "14:30:49 PST"]
[Termination "zane33 won by resignation"]

1. e4 Nf6 2. e5 Nd5 3. c4 Nb6 4.
d4 d6 5. exd6 cxd6 6. Nc3 g6 7.
Nf3 Bg7 8. Be2 O-O 9. O-O Nc6 10. Be3 Bg4 11. d5 Bxf3 12. Bxf3 Ne5 13. Bxb6 Nxf3+ 14. Qxf3 Qxb6 15. b3 Qd4 16. Rac1 a6 17. Rfd1 Qf6 18. Qxf6 Bxf6 19. Ne4 Be5 20. g3 Rfc8 21. f4 Bg7 22.
Rc2 Kf8 23. Kf2 Ke8 24. Re2 Kd7 25. Ng5 h6 26. Rde1 Bd4+ 27. Kg2 hxg5 28. Rxe7+ Kd8 29.
Re8+ Kc7 30. R1e7+ Kb6 31. Rxc8 Rxc8 32. Rxf7 gxf4 33.
Rd7 Be5 34. gxf4 Bxf4 35. Rg7 g5 36. Kf3 Bxh2 37. Rxg5 Be5 38. Rg6 Rc7 39. Ke3 Kc5 40. Kd3 Rf7 41. Rg8 Rh7 42. Rc8+ Kb6 43. b4 Rh3+ 44.
Ke4 Rh4+ 45. Kf5 Bc3 46. c5+ dxc5 47. bxc5+ Ka7 48. d6 Rd4 49. Ke6 Bb4 50. d7 Ba5 51. Ke7 Rd2 52. d8=Q Bxd8+ 53. Rxd8 Rxa2 54. Rd7 Rc2 55.
c6 Rxc6 0-1

[Event "*** MasterClass Titled Tuesday Blitz"]
[Site "Chess.com"]
[Date "2017.11.07"]
[Round "2"]
[White "GMHess"]
[Black "Bigfish1995"]
[Result "1-0"]
[WhiteElo "2575"]
[BlackElo "2917"]
[TimeControl "180+2"]
[EndTime "14:30:50 PST"]
[Termination "GMHess won by resignation"]

1. d4 d5 2. Nf3 c6 3. g3 Bf5 4. Bg2 e6 5. O-O Be7 6. Nbd2 Nd7 7. c4 h5 8. Qb3 Rb8 9. Ne5 Ngf6 10. Ndf3 Nxe5 11.
Nxe5 h4 12. cxd5 exd5 13. Bf4 Bd6 14. Qe3 Kf8 15. Bg5 hxg3 16. fxg3 Bh3 17. Bxh3 Rxh3 18. Bxf6 gxf6 19. Rxf6 Bxe5 20. dxe5 Qb6 21. Qxb6 axb6 22.
Raf1 Ke7 23. Rxf7+ Ke6 24. R1f5 Rbh8 25. R7f6+ Ke7 26.
Rf2 R8h7 27. a4 R3h5 28. R6f3 Rxe5 29. Rb3 Kd6 30. Rxb6 Re4 31. b4 Kc7 32. a5 Rhe7 33. Kf1 Re3 34. b5 R7e6 35. Rf7+ Kd6 36. Rfxb7 Ke5 37. Rxc6 Re8 38. Rf7 Rb3 39. Rf3 Rb1+ 40. Kf2 d4 41. b6 Rb2 42. a6 Kd5 43. Rcf6 Rexe2+ 44. Kg1 Rg2+ 45. Kf1 Rxh2 46. Rf2 Rhxf2+ 47. Rxf2 Rxb6 48. Ra2 Rb8 49. a7 Ra8 50. Ke2 Kc4 51. Kd2 Kb3 52. Ra6 Kc4 53. g4 Kb5 54. Ra1 Kc4 55. g5 Kc5 56. g6 Kb6 57. g7 Kb7 58. Rb1+ Kc7 59. Rb8 1-0

[Event "*** MasterClass Titled Tuesday Blitz"]
[Site "Chess.com"]
[Date "2017.11.07"]
[Round "2"]
[White "Sanan_Sjugirov"]
[Black "MFBerna"]
[Result "1-0"]
[WhiteElo "2653"]
[BlackElo "2314"]
[TimeControl "180+2"]
[EndTime "14:30:53 PST"]
[Termination "Sanan_Sjugirov won by resignation"]

1. Nf3 d5 2. g3 Nf6 3. Bg2 g6 4. b3 Bg7 5. Bb2 O-O 6. O-O c5 7. e3 Nc6 8. Ne5 Qc7 9. Nxc6 Qxc6 10. d3 Qc7 11. Nc3 Rd8 12. Nb5 Qb6 13. a4 a6 14.
Nc3 e5 15. a5 Qc7 16. Na4 Be6 17. Nb6 Rab8 18. Qe2 d4 19. e4 Nd7 20. Nc4 f5 21. exf5 Bxf5 22. Rae1 Rf8 23. Bc1 Rbe8 24. h4 Be6 25. h5 Bf6 26. Bh6 Bg7 27. Bd2 Bf7 28. hxg6 Bxg6 29. Qg4 Kh8 30. f4 Nf6 31. Qh4 exf4 32. Bxf4 Qd8 33. Ne5 Kg8 34. Nxg6 hxg6 35. Bxb7 Qxa5 36. Rxe8 Rxe8 37. Bg5 Qb6 38. Bg2 Rf8 39.
Bf4 Qe6 40. Qg5 Qf5 41. Qxf5 gxf5 42. Bd6 Rc8 43. Rxf5 Nd7 44. Bd5+ Kh7 45. Be4 Kg8 46. Bd5+ Kh7 47. Rf7 Nf6 48. Be6 Kg6 49. Rxg7+ Kxg7 50. Bxc8 1-0

[Event "*** MasterClass Titled Tuesday Blitz"]
[Site "Chess.com"]
[Date "2017.11.07"]
[Round "2"]
[White "florianschwabeneder"]
[Black "djogrodek1"]
[Result "1-0"]
[WhiteElo "2427"]
[BlackElo "2351"]
[TimeControl "180+2"]
[EndTime "14:30:53 PST"]
[Termination "florianschwabeneder won by checkmate"]

1. e4 c5 2. Nf3 d6 3. c3 Nf6 4. Bd3 Nc6 5. Bc2 Bg4 6. d3 e6 7. Nbd2 Be7 8. O-O O-O 9. h3 Bh5 10. Re1 b5 11. Nf1 b4 12. Ng3 Bxf3 13. Qxf3 bxc3 14.
bxc3 Nd7 15. Ne2 Bf6 16. Qe3 Qa5 17. Qd2 Rab8 18. f4 Rfd8 19. Rf1 Rb7 20. g4 g6 21.
Kg2 Re8 22. g5 Bg7 23. h4 d5 24. e5 Nb6 25. a4 Nc8 26. Ng3 N8e7 27. h5 d4 28. c4 Qxd2+ 29. Bxd2 Rb2 30. Rfc1 Nb4 31. Bxb4 Rxb4 32. h6 Bf8 33. Ne4 Rc8 34. a5 Nf5 35.
Kf3 Be7 36. Rcb1 Rcb8 37. Rxb4 cxb4 38. Bb3 Kf8 39. c5 Rc8 40. Rc1 Bd8 41. a6 Be7 42. Rc4 Ke8 43. Rxb4 Ne3 44. Rb7 Nd5 45. Bxd5 exd5 46. Nd6+ Bxd6 47. cxd6 Rc3 48. Re7+ Kd8 49. Rxf7 Rxd3+ 50. Kf2 Rd2+ 51. Ke1 Ra2 52. e6 d3 53. Rf8# 1-0

[Event "*** MasterClass Titled Tuesday Blitz"]
[Site "Chess.com"]
[Date "2017.11.07"]
[Round "2"]
[White "fidetrainerNET"]
[Black "gpeloui"]
[Result "0-1"]
[WhiteElo "2032"]
[BlackElo "2244"]
[TimeControl "180+2"]
[EndTime "14:30:54 PST"]
[Termination "gpeloui won by resignation"]

1. e4 e6 2. Nf3 d5 3. Nc3 d4 4. Ne2 c5 5. c3 Nc6 6. cxd4 cxd4 7. Qa4 Bc5 8. Rb1 Bd7 9. Qc4 Qb6 10. b4 Bxb4 11.
Nfxd4 Bxd2+ 12. Kxd2 Qxb1 13. Nb5 O-O-O 14. Nec3 Qb4 15.
Qxb4 Nxb4 16. Nd6+ Kb8 17. Nxf7 Nf6 18. Nxh8 Rxh8 19.
Ba3 Nc6 20. e5 Ng4 21. Bd6+ Kc8 22. f4 Nh6 23. Bd3 g6 24. Ne4 Nf5 25. Rb1 b6 26. g4 Nxd6 27. Nxd6+ Kc7 28. Be4 Rf8 29. Ke3 g5 30. Nb5+ Kb8 31. fxg5 Nxe5 32. h3 Nc4+ 33.
Kd4 Nd2 34. Rb2 e5+ 35. Kd5 Rd8 36. Nd6 Nxe4 37. Nxe4 Bxg4+ 38. Kxe5 Bxh3 39. Rh2 Bg4 40. Rxh7 Bd1 41. Nf6 Bc2 42. Rg7 a5 43. g6 b5 44.
Nd7+ Kb7 45. Nc5+ Kc6 46. Ne6 Re8 47. Rc7+ Kb6 48. g7 Bh7 49. Rd7 Bg8 50. Rd6+ Kb7 51. Kf6 b4 52. Nd8+ Kc7 53. Ra6 Rxd8 54. Ra7+ Kb6 55.
Re7 a4 56. Re4 b3 57. Rxa4 bxa2 58. Ke7 Rd1 59. Kf8 Bb3 60. Rb4+ Kc5 61. Rxb3 a1=Q 62.
g8=Q Rd8+ 63. Ke7 Rxg8 64. Rc3+ Qxc3 0-1

[Event "*** MasterClass Titled Tuesday Blitz"]
[Site "Chess.com"]
[Date "2017.11.07"]
[Round "2"]
[White "Jospem"]
[Black "LaStreetCmaMaison"]
[Result "0-1"]
[WhiteElo "2607"]
[BlackElo "2595"]
[TimeControl "180+2"]
[EndTime "14:30:58 PST"]
[Termination "LaStreetCmaMaison won by resignation"]

1. e4 e6 2. d4 d5 3. Nc3 Nf6 4.
e5 Nfd7 5. f4 c5 6. Nf3 a6 7. Be3 Qb6 8. Na4 Qa5+ 9. c3 cxd4 10. b4 Qc7 11. Bxd4 Nc6 12. Be3 Be7 13. Bd3 b5 14. Nb2 a5 15. a3 axb4 16. axb4 Rxa1 17. Qxa1 f6 18. Bxb5 fxe5 19. Bxc6 Qxc6 20. Nd3 exf4 21. Bd4 Ba6 22. Nxf4 O-O 23. g3 Bd6 24. Ng5 e5 25.
Qb1 Nf6 26. Nh5 g6 27. Ne6 exd4 28. Nxf8 Qxc3+ 29. Kf2 Qe3+ 30. Kg2 Qe2+ 31. Kg1 gxh5 32. Qf5 Qe3+ 33. Kg2 Qe2+ 34. Kg1 Qe3+ 35. Kg2 Qe4+ 36.
Qxe4 dxe4 37. Ne6 d3 38. Rb1 Bc4 39. Nd4 d2 40. b5 e3 41. b6 Bc5 42. b7 Bd5+ 43.
Nf3 Bxb7 44. Rxb7 d1=Q 45. Rb8+ Kg7 46. Nh4 Qd2+ 47. Kh3 Qd7+ 48. Kg2 e2 49. Rb1 Qd5+ 50. Kh3 Qd1 51. Rb7+ Kf8 52. Rb8+ Kf7 53. Rb7+ Ke8 54. Rb8+ Kd7 55. Ng2 Kc7 56. Rb5 Qd7+ 0-1

[Event "*** MasterClass Titled Tuesday Blitz"]
[Site "Chess.com"]
[Date "2017.11.07"]
[Round "2"]
[White "cheese111"]
[Black "kikydu96"]
[Result "1-0"]
[WhiteElo "2381"]
[BlackElo "2398"]
[TimeControl "180+2"]
[EndTime "14:31:02 PST"]
[Termination "cheese111 won by resignation"]

1. e4 c5 2. Nf3 d6 3. d4 cxd4 4. Qxd4 Nc6 5. Bb5 Bd7 6. Bxc6 Bxc6 7. Nc3 Nf6 8. Bg5 e6 9. O-O-O Be7 10. Qd3 O-O 11.
Nd4 Rc8 12. f4 Qa5 13. h4 Rfe8 14. f5 e5 15. Bxf6 Bxf6 16. Nb3 Qc7 17. g4 h6 18. Qd2 Qe7 19. Qf2 b5 20. Nd5 Bxd5 21. Rxd5 a6 22.
Nd2 Rc6 23. Nf3 Rec8 24. Rd2 Rc4 25. Qg2 g6 26. g5 Bg7 27. f6 Bxf6 28. gxf6 Qxf6 29.
Qg4 h5 30. Qh3 Qf4 31. Kb1 Qxe4 32. Ng5 Qc6 33. Rhh2 Rg4 34. Rhg2 f5 35. Rxg4 hxg4 36.
Qb3+ Qc4 37. Rxd6 Kg7 38. Rd7+ Kg8 39. Qxc4+ Rxc4 40. Rd8+ Kg7 41. Rd7+ Kf8 42. Nh7+ Ke8 43. Nf6+ Kf8 44. h5 Rd4 45. Rxd4 exd4 46. hxg6 g3 47.
g7+ Kxg7 48. Nh5+ Kg6 49. Nxg3 f4 50. Nf1 Kf5 51. Kc1 Ke4 52. Kd2 Kf3 53. Kd3 Kf2 54.
Nd2 f3 55. Nxf3 Kxf3 56. Kxd4 Ke2 57. c4 bxc4 58. Kxc4 Kd2 59. b4 1-0

[Event "*** MasterClass Titled Tuesday Blitz"]
[Site "Chess.com"]
[Date "2017.11.07"]
[Round "2"]
[White "PositionalGenius"]
[Black "Mistheoretical"]
[Result "0-1"]
[WhiteElo "2411"]
[BlackElo "2303"]
[TimeControl "180+2"]
[EndTime "14:31:03 PST"]
[Termination "Mistheoretical won by resignation"]

1. c4 g6 2. Nc3 Bg7 3. g3 c5 4. Bg2 Nc6 5. Nf3 d6 6. O-O Nf6 7. Ne1 O-O 8. a3 a6 9. Rb1 Bd7 10. b4 Rb8 11. Nc2 b6 12. b5 axb5 13. Nxb5 Na5 14.
d3 Bc6 15. e4 Nd7 16. Ne3 Ba8 17. Bb2 Bxb2 18. Rxb2 Ne5 19. f4 Nec6 20. Rbf2 Bb7 21. h4 Ba6 22. Nc3 Nd4 23. h5 b5 24. f5 Qd7 25.
Ncd5 Bb7 26. fxg6 fxg6 27. Rxf8+ Rxf8 28. Rxf8+ Kxf8 29. Nf4 Kg7 30. Ng4 g5 31. h6+ Kg8 32. Nh5 bxc4 33. Nhf6+ exf6 34. Nxf6+ Kf7 35. Nxd7 c3 36.
Qf1+ Ke7 37. Nb6 c2 38. Kh2 Nab3 39. e5 c1=Q 40. exd6+ Kxd6 41. Qf6+ Kc7 42. Nc4 Bxg2 43. Qd6+ Kc8 44. Qa6+ Bb7 45. Nd6+ Kd7 46. Qxb7+ Kxd6 47. Qb8+ Ke7 48. Qe5+ Ne6 49. Qf5 Qd2+ 50. Kh3 g4+ 51. Kxg4 Qxh6 52. Qd5 Nbd4 53. Qb7+ Kf6 54. Qe4 Qg6+ 55.
Qxg6+ hxg6 0-1

[Event "*** MasterClass Titled Tuesday Blitz"]
[Site "Chess.com"]
[Date "2017.11.07"]
[Round "2"]
[White "StoreySniper"]
[Black "bugsbunny444"]
[Result "1/2-1/2"]
[WhiteElo "2294"]
[BlackElo "2414"]
[TimeControl "180+2"]
[EndTime "14:31:12 PST"]
[Termination "Game drawn by agreement"]

1. e4 e6 2. d4 d5 3. Nc3 Nf6 4. e5 Nfd7 5. f4 c5 6. Nf3 Nc6 7. Be3 cxd4 8. Nxd4 Bc5 9. Nce2 O-O 10. c3 Qe7 11. Ng3 f6 12. exf6 Nxf6 13. Nxc6 bxc6 14.
Bxc5 Qxc5 15. Qd4 Qb6 16. O-O-O c5 17. Qd2 Rb8 18. Bd3 Ng4 19. Rhe1 Rxf4 20. b3 Rf2 21.
Re2 c4 22. Bc2 cxb3 23. axb3 Ba6 24. Rxf2 Nxf2 25. Re1 Nd3+ 26. Bxd3 Qxb3 27. Bxh7+ Kxh7 28. Qc2+ Qxc2+ 29. Kxc2 Rb6 30. Nh5 Bc8 31. Nf4 g5 32. Nd3 Kg7 33. Rf1 Ba6 34. Ra1 Bxd3+ 35. Kxd3 a6 36.
Kd4 Kf6 37. Rf1+ Ke7 38. Ra1 Kd6 39. c4 e5+ 40. Kd3 Rb3+ 41. Kc2 dxc4 42. Rxa6+ Kd5 43. Rg6 Kd4 44. Rxg5 Ra3 45. Kb2 Re3 46. h4 Re2+ 47. Kc1 c3 48. h5 e4 49. h6 Re1+ 50. Kc2 Rh1 51. Rg6 Rh2 52. Rd6+ Ke3 53. Kxc3 Rxg2 54. h7 Rh2 55. Rd7 Rh5 56. Rc7 Rh4 57. Rf7 Ke2 58. Rf4 Rxh7 59. Rxe4+ Kf3 1/2-1/2

[Event "*** MasterClass Titled Tuesday Blitz"]
[Site "Chess.com"]
[Date "2017.11.07"]
[Round "2"]
[White "Rodalquilar"]
[Black "GeorgMeier"]
[Result "0-1"]
[WhiteElo "2501"]
[BlackElo "2673"]
[TimeControl "180+2"]
[EndTime "14:31:23 PST"]
[Termination "GeorgMeier won on time"]

1. d4 e6 2. Nf3 Nf6 3. Bf4 Be7 4. e3 b6 5. h3 c5 6. c3 O-O 7. Nbd2 d6 8. Bh2 Qd7 9. e4 cxd4 10. cxd4 Ba6 11.
Bxa6 Nxa6 12. Qe2 Qb7 13. O-O Rac8 14. a3 Rfd8 15. Ne1 d5 16. e5 Ne4 17. Nb3 h6 18. f3 Ng5 19. h4 Nh7 20. Bg3 Nb8 21. Nd3 Rc4 22. Bf2 Rdc8 23. Rfc1 Nc6 24. Qd2 Qd7 25.
Nf4 a5 26. Rxc4 dxc4 27. Nc1 Nxe5 28. Nce2 Nf6 29. Rd1 Nd3 30. Nxd3 cxd3 31. Qxd3 Nd5 32. h5 a4 33. Rc1 Rxc1+ 34. Nxc1 b5 35. Ne2 Qc6 36. Be1 Bd6 37. Nc3 Nxc3 38. Bxc3 Qd5 39. g4 Bf4 40. Qe4 Qxe4 41. fxe4 g6 42. Kf2 Kf8 43. Kf3 Bg5 44. Bb4+ Ke8 45. d5 Kd7 46. Ke2 gxh5 47. gxh5 exd5 48. exd5 Bf6 49. Bf8 Bxb2 50.
Bxh6 b4 51. Kd3 b3 52. Bf8 Ke8 53. Bb4 Bg7 54. Bc3 Bh6 55. d6 Kd7 56. Be5 f5 57. Kc4 f4 58. Kd3 f3 59. Bd4 Kxd6 60. Bf2 Kd5 61.
Bg1 Bc1 62. Bd4 Ke6 63. Ke4 f2 64. Bxf2 b2 65. h6 b1=Q+ 0-1

[Event "*** MasterClass Titled Tuesday Blitz"]
[Site "Chess.com"]
[Date "2017.11.07"]
[Round "2"]
[White "maciek_92"]
[Black "AkshatChandra"]
[Result "0-1"]
[WhiteElo "2562"]
[BlackElo "2747"]
[TimeControl "180+2"]
[EndTime "14:31:24 PST"]
[Termination "AkshatChandra won by resignation"]

1. c4 e5 2. Nc3 Bb4 3. Qb3 Nc6 4. e3 Bxc3 5. Qxc3 Nf6 6. a3 O-O 7. b4 d5 8. cxd5 Nxd5 9. Qc2 Re8 10. d3 Bg4 11.
Nf3 Bxf3 12. gxf3 Nd4 13. Qb2 Qf6 14. Be2 Nxf3+ 15. Kf1 Rad8 16. h4 Nxh4 17. Ra2 Rd6 18. Qc2 Ng6 19. Qc4 a6 20. Qe4 Nc3 21. Qc4 Nxa2 22. Qxa2 Qe6 23. Qb2 c6 24. Bd2 Red8 25. Qc2 Qd7 26. Be1 h6 27. Qc4 Qf5 28. Rg1 Rxd3 29. Bg4 Qf6 30. Bh5 Kh8 31. Qe4 R3d6 32. Rg3 Ne7 33. Be2 Nd5 34. Rf3 Qg6 35. Qh4 Nf6 36. Rg3 Qb1 37. f3 Rd1 38. Rg1 Qc1 39. Kf2 Rxe1 40. Rxe1 Qxa3 41. Qc4 Kg8 42. Rg1 Nd5 43.
Qe4 Qxb4 44. Qxe5 Qh4+ 45. Rg3 Qf6 46. Qe4 Kf8 47. Rg1 Re8 48. Qd4 Qxd4 49. exd4 g5 50. Bd3 a5 51. Be4 a4 52. Ra1 b5 53. Rc1 Nb4 54. Rb1 a3 55. Rh1 a2 56. Kg3 Rxe4 57.
fxe4 Nc2 0-1

[Event "*** MasterClass Titled Tuesday Blitz"]
[Site "Chess.com"]
[Date "2017.11.07"]
[Round "2"]
[White "danyuffa"]
[Black "Dr-Bassem"]
[Result "1-0"]
[WhiteElo "2640"]
[BlackElo "2571"]
[TimeControl "180+2"]
[EndTime "14:31:27 PST"]
[Termination "danyuffa won by checkmate"]

1. d4 Nf6 2. c4 g6 3. g3 Bg7 4. Bg2 O-O 5. Nc3 d6 6. Nf3 Nc6 7. O-O a6 8. Bf4 Rb8 9. Rc1 h6 10.
d5 e5 11. Bd2 Ne7 12. Ne1 Nd7 13. e4 f5 14. exf5 gxf5 15. Nd3 Ng6 16. f4 e4 17. Nf2 c5 18. Qh5 Qe8 19. Ncd1 Nf6 20. Qe2 b5 21. b3 bxc4 22. bxc4 h5 23. Ne3 Rb2 24. Rc2 Rxc2 25. Nxc2 Qa4 26. Ne3 Qxa2 27. Qd1 Ng4 28. Nfxg4 hxg4 29. h3 gxh3 30. Bxh3 Bd4 31. Rf2 Qa3 32. Qe2 a5 33. Kg2 Qd3 34. Qh5 Rf6 35.
Re2 Bxe3 36. Bxe3 Qxc4 37. Rb2 Kg7 38. Rb8 Rf8 39. Qd1 Qd3 40. Qa1+ Kh7 41. Qc1 a4 42. Kf2 a3 43. Bf1 Qxd5 44. Bc4 Qc6 45. Qh1+ Kg7 46.
Bd2 d5 47. Bc3+ Kg8 48. Qh6 Rf7 49. Rxc8+ Qxc8 50. Bxd5 Qa6 51. Qg7# 1-0